 Dungeon Crawl Stone Soup version 0.27.0-1-g7a089689b8 (webtiles) character file.

Game seed: 4468514538749762382

17 Acheron the Skirmisher (level 2, -2/24 HPs)
             Began as a Demonspawn Abyssal Knight on July 31, 2021.
             Was a Follower of Lugonu.
             Slain by a quokka (4 damage)
             ... on level 2 of the Dungeon.
             The game lasted 00:05:11 (638 turns).

Acheron the Skirmisher (Demonspawn Abyssal Knight)   Turns: 638, Time: 00:05:11

Health: -2/24      AC:  3    Str: 12    XL:     2   Next: 44%
Magic:  3/3        EV: 10    Int: 13    God:    Lugonu [*.....]
Gold:   56         SH:  3    Dex: 12    Spells: 1/1 levels left

rFire    . . .     SeeInvis .   a - +1 hand axe
rCold    . . .     Faith    .   h - +0 buckler
rNeg     . . .     Spirit   .   b - +0 leather armour
rPois    .         Reflect  .   (no helmet)
rElec    .         Harm     .   d - scarf {+Inv}
rCorr    .         Rampage  .   (no gloves)
Will     .....                  (no boots)
Stlth    +.........             (no amulet)
HPRegen  0.08/turn              (no ring)
MPRegen  0.16/turn              (no ring)

@: weak-willed
A: magic regeneration
a: Renounce Religion, Evoke Invisibility, Depart the Abyss


You were on level 2 of the Dungeon.
You worshipped Lugonu.
Lugonu was aware of your devotion.
You visited 1 branch of the dungeon, and saw 3 of its levels.
You visited the Abyss 1 time.

You collected 56 gold pieces.

Inventory:

Hand Weapons
 a - a +1 hand axe (weapon)
Missiles
 f - 4 silver javelins (quivered)
 g - 17 poisoned darts
 k - 14 stones
Armour
 b - a +0 leather armour (worn)
 d - a scarf of invisibility (worn)
 h - a +0 buckler (worn)
Jewellery
 j - a ring of ice
Scrolls
 c - a scroll of identify


   Skills:
 + Level 3.3 Fighting
 + Level 2.2 Axes
 * Level 1.9 Armour
 * Level 0.9 Dodging
 * Level 0.2 Stealth
 * Level 2.4 Invocations
 * Level 0.3 Evocations


You had one spell level left.
You didn't know any spells.
Your spell library was empty.

Dungeon Overview and Level Annotations

Branches:
Dungeon (3/15)

Altars:


Innate Abilities, Weirdness & Mutations

You regenerate magic rapidly.


Message History

The adder is heavily wounded.
You feel sick.
You are no longer poisoned.
The adder bites you but does no damage. The adder bites you.
You see here 14 stones.
k - 14 stones The hobgoblin hits you.
As you read the scroll labelled DAUMMI VUDAA, it crumbles to dust.
Magic quickly surges around you.
It was a scroll of vulnerability.
You block the hobgoblin's attack.
As you read the scroll labelled NUPO JAPN, it crumbles to dust.
You hear a loud clanging noise!
It was a scroll of noise.
You hear a bark! x2
The hobgoblin barely misses you.
As you read the scroll labelled ZUX DEHIMUKH, it crumbles to dust.
It is a scroll of identify.
You don't have any unidentified items.
The hobgoblin hits you.
Found a Young Poisoner's Handbook and a leather armour.
The hobgoblin closely misses you.
You closely miss the quokka. You barely miss the hobgoblin.
The hobgoblin barely misses you. The quokka bites you.
You barely miss the quokka. You hit the hobgoblin.
The quokka closely misses you. The hobgoblin closely misses you.
The quokka misses you. The hobgoblin hits you.
* * * LOW HITPOINT WARNING * * *
Okay, then.
The quokka bites you.
* * * LOW HITPOINT WARNING * * *
Found a stone staircase leading down.
The quokka misses you.
Unknown command.
A rat comes into view.
The quokka barely misses you.
You see here a scroll labelled GUMAIR VISCHYOJOI.
A rat comes into view.
Found 12 gold pieces.
The quokka bites you.
You die...

...#.#....##.##.
#####.###..#.........##.
........#.........##....
........#..#.#.......###
..$.....##.#.#..........
..................######
.....r.............#
#........##.######
#..@.J...##.#
#...r...$.#.#
#....g....#.#
#.....?.....#
#.....S..#..#
#........#..#
#####.......# #r......#
#.......#


You could see an adder (weak-willed), an endoplasm (weak-willed), a quokka, a
hobgoblin (weak-willed) and 2 rats.

Vanquished Creatures
  A dart slug (D:1)
  2 endoplasms
  A giant cockroach (D:2)
  A goblin (D:1)
  4 kobolds
  A quokka (D:1)
  A bat (D:2)
  3 rats
14 creatures vanquished.

Notes
Turn   | Place    | Note
-------+----------+-------------------------------------------
     0 | Abyss:1  | Acheron the Demonspawn Abyssal Knight began the quest for
                  | the Orb.
     0 | Abyss:1  | Reached XP level 1. HP: 18/18 MP: 2/2
    25 | Abyss:2  | Found a corrupted altar of Lugonu.
    61 | Abyss:2  | Noticed a large abomination
    76 | Abyss:2  | Noticed an orange demon
    77 | D:1      | Escaped the Abyss
   190 | D:1      | Gained mutation: You regenerate magic rapidly. [demonic
                  | ancestry]
   190 | D:1      | Reached XP level 2. HP: 12/24 MP: 3/3
   478 | D:2      | Reached * piety under Lugonu
   629 | D:2      | HP: 1/24 [quokka (4)]
   638 | D:2      | Slain by a quokka

Illustrated notes

Levels and vault maps discovered:
D:1:      psy_arrival_spokes, layout_loops_cross, minivault_24,
          chequers_serial_rivers_micro_c
D:2:      layout_basic, minmay_tromino_v4_a
D:3:      layout_basic, uniq_crazy_yiuf_cottage, uniq_ijyb

Skill      XL: |  1 |
---------------+----+-----
Axes           | 2 |  2.2
Fighting       | |  3.3
Armour         | |  1.9
Dodging        | |  0.9
Stealth        | |  0.2
Invocations    | |  2.4
Evocations     | |  0.3

Action                   || total
-------------------------++-------
Melee: Hand axe          ||    38
Invok: Depart the Abyss  ||     1
  Use: Scroll            ||     3
Armor: Leather armour    ||     9
Dodge: Dodged            ||    30
Block: Buckler           ||     3
